Map: 莱瑞拉克之冠

Players

shengy - Winner!

  • Race: Zerg Zerg
  • League: Gold

Xiphias

  • Race: Terran Terran
  • League: Gold

VOD

Have the link to the VOD?

Description

Time

  • Played on: Dec. 5, 2015, 11:47 p.m.
  • Length: 14:18
Show
View Real Time Build Order
Export as new Build Order

shengy Zerg - Winner!

Build Orders: Pool First, Muta Ling Bane 

Get SALT Encoding   

  12  0:01  Drone  
  13  0:08  Drone  
  14  0:18  Overlord  
  14  0:36  Drone x3  
  14  0:42  Extractor  
  16  0:51  Spawning Pool  
  16  0:53  Drone  
  16  0:58  Drone  
  17  1:09  Drone  
  18  1:27  Drone  
  18  1:29  Hatchery  
  18  1:39  Queen  
  20  1:41  Zergling x2  
  21  1:48  Metabolic Boost  
  21  1:55  Overlord  
  21  2:03  Drone  
  22  2:14  Drone  
  22  2:15  Drone  
  24  2:19  Queen  
  26  2:26  Overlord  
  26  2:35  Drone  
  27  2:41  Drone  
  28  2:48  Zergling x4  
  28  2:49  Zergling x4  
  31  3:14  Drone x3  
  34  3:24  Drone x3  
  34  3:25  Lair  
  37  3:29  Drone x3  
  37  3:31  Drone x3  
  43  3:35  Overlord  
  43  3:36  Baneling Nest  
  42  3:44  Drone x2  
  43  3:52  Drone  
  44  4:00  Drone x3  
  47  4:03  Extractor  
  47  4:04  Extractor  
  47  4:06  Drone x2  
  47  4:07  Drone  
  47  4:08  Drone x2  
  50  4:12  Drone x2  
  52  4:26  Overlord x2  
  52  4:31  Hatchery, Extractor  
  50  4:34  Extractor  
  49  4:42  Drone x3  
  49  4:45  Overlord  
  52  4:47  Overseer  
  52  4:48  Hatchery  
  49  5:01  Zergling x14  
  56  5:13  Centrifical Hooks  
  56  5:19  Overseer  
  56  5:21  Baneling x6  
  56  5:22  Baneling  
  56  5:24  Zergling x12  
  62  5:30  Overlord  
  62  5:34  Drone  
  62  5:35  Drone, Extractor  
  62  5:36  Spire  
  62  5:42  Evolution Chamber  
  62  5:43  Queen, Evolution Chamber  
  62  5:51  Queen  
  62  5:53  Overlord  
  62  5:55  Drone x3  
  67  6:10  Overlord  
  66  6:29  Overlord  
  66  6:30  Drone x6  
  66  6:31  Drone  
  64  6:59  Drone x2  
  64  7:00  Drone x6  
  64  7:01  Drone x3  
  74  7:04  Baneling x2  
  74  7:10  Mutalisk x4  
  81  7:20  Spine Crawler  
  81  7:21  Spore Crawler  
  78  7:24  Overlord  
  78  7:30  Pneumatized Carapace  
  78  7:33  Zerg Melee Weapons Level 1, Zerg Ground Armor Level 1  
  78  7:34  Overseer  
  78  7:35  Overseer x2  
  78  7:45  Overlord  
  78  7:48  Zerg Flyer Weapons Level 1  
  78  7:49  Zergling x2  
  78  7:51  Zergling x20  
  84  7:52  Zergling x8  
  93  8:00  Hatchery  
  93  8:05  Spore Crawler  
  91  8:09  Spine Crawler  
  90  8:16  Mutalisk x5  
  90  8:17  Mutalisk x2  
  104  8:28  Infestation Pit  
  104  8:30  Drone x3  
  105  8:48  Baneling x4  
  105  8:49  Baneling x6  
  105  8:51  Overlord x2  
  105  8:59  Drone x3  
  105  9:00  Drone x4  
  112  9:14  Hatchery  
  111  9:18  Extractor  
  111  9:19  Extractor  
  111  9:20  Hatchery  
  107  9:27  Extractor  
  106  9:32  Extractor  
  106  9:36  Overlord  
  105  9:43  Hive  
  105  9:46  Zerg Ground Armor Level 2, Zerg Melee Weapons Level 2  
  105  9:50  Overlord x3  
  105  9:53  Hatchery  
  105  9:54  Mutalisk  
  105  9:56  Mutalisk x6  
  118  10:08  Overlord  
  118  10:11  Zergling x4  
  118  10:12  Zergling x14  
  118  10:13  Zergling x6  
  125  11:25  Ultralisk Cavern  
  124  11:38  Adrenal Glands  
  124  11:45  Pathogen Glands  
  124  12:10  Overlord x2  
  124  12:18  Hatchery  
  123  12:32  Greater Spire  
  123  12:35  Ultralisk x6  
  123  12:36  Ultralisk x3  
  177  12:41  Zergling x2  
  177  12:42  Zergling x12  
  177  12:43  Zergling x20  
  177  12:44  Zergling x10  
  199  13:18  Baneling x3  
  199  13:19  Baneling x8  
  199  13:20  Baneling x3  
Show
View Real Time Build Order
Export as new Build Order

Xiphias Terran 

Build Orders: MMM Bio 

Get SALT Encoding   

  12  0:01  SCV  
  13  0:13  SCV  
  14  0:17  Supply Depot  
  14  0:25  SCV  
  15  0:39  SCV  
  15  0:40  Barracks  
  16  0:51  SCV  
  17  0:58  Refinery  
  17  1:03  SCV  
  18  1:15  SCV  
  19  1:29  Supply Depot  
  21  1:34  Orbital Command  
  20  1:42  Reaper  
  20  1:47  Supply Depot  
  20  1:54  Command Center  
  20  2:03  SCV  
  21  2:13  Refinery  
  21  2:14  Reaper  
  22  2:15  SCV  
  23  2:28  SCV  
  24  2:40  SCV  
  24  2:43  Factory  
  25  2:46  Barracks  
  25  2:47  Barracks  
  25  2:55  SCV  
  26  3:07  Barracks Reactor  
  25  3:17  Orbital Command  
  25  3:18  SCV  
  26  3:39  SCV  
  27  3:44  Marine x2  
  29  3:55  Barracks Tech Lab  
  29  3:56  Barracks Tech Lab  
  29  3:59  Starport  
  31  4:03  Factory Tech Lab, SCV  
  30  4:12  Marine x2  
  32  4:25  SCV  
  32  4:29  Marine x2  
  32  4:31  Combat Shields  
  35  4:34  Stimpack  
  35  4:39  Orbital Command  
  35  4:42  Supply Depot  
  35  4:47  Marine x2  
  35  4:48  Factory Reactor  
  37  5:03  SCV  
  38  5:17  Supply Depot, SCV  
  38  5:18  SCV  
  40  5:25  Supply Depot  
  40  5:28  Widow Mine x2  
  40  5:30  Marine x3  
  40  5:31  Medivac  
  49  5:43  SCV x2  
  49  5:46  Supply Depot  
  49  5:49  Bunker  
  51  5:51  Refinery  
  51  5:52  Refinery, Marine  
  51  5:53  Marauder x2, Marine  
  51  5:55  SCV x2  
  59  5:58  Widow Mine  
  61  6:07  SCV x2  
  63  6:12  Supply Depot  
  62  6:19  SCV x2  
  46  6:40  Marauder x2, Marine  
  48  6:58  Marine x2  
  50  7:13  Marauder x2  
  50  7:14  Banshee  
  59  7:15  Marine  
  59  7:16  Hellion x2, Marine  
  63  7:32  Supply Depot  
  63  7:33  Supply Depot  
  63  7:37  Marine  
  63  7:38  Marauder x2, Barracks, Marine  
  63  7:39  Widow Mine x2  
  63  7:40  SCV  
  63  7:41  SCV  
  63  7:43  Supply Depot  
  75  7:44  Supply Depot  
  75  7:46  Barracks  
  75  7:47  Starport  
  75  7:51  Engineering Bay  
  75  7:53  SCV x2  
  75  7:54  Engineering Bay  
  75  7:55  Marine  
  78  8:09  SCV  
  78  8:10  SCV  
  80  8:15  Command Center  
  80  8:22  SCV x2  
  80  8:25  Refinery  
  82  8:33  Marine x3  
  85  8:40  Starport Reactor  
  85  8:42  Marine  
  85  8:46  Marine x2  
  86  8:51  Marine x3  
  86  8:53  Missile Turret  
  89  8:56  Missile Turret  
  89  9:00  Marine  
  90  9:08  Marine  
  93  9:16  Barracks Reactor x2  
  91  9:20  Starport Reactor  
  91  9:22  Marine x3  
  94  9:25  Liberator x2  
  94  9:26  Marine  
  94  9:28  Widow Mine x2  
  97  9:39  Marine x2  
  97  9:43  SCV x2  
  107  9:48  Marine  
  107  9:49  Marine  
  109  9:54  Marine x2  
  109  9:55  Marine x2  
  109  9:57  Marine  
  114  10:03  Missile Turret  
  114  10:06  Supply Depot  
  114  10:07  Liberator  
  114  10:20  Orbital Command  
  117  10:29  Marine  
  117  10:30  Marine x2  
  115  10:46  Missile Turret  
  115  11:07  Marine x5  
  115  11:08  Barracks Reactor  
  115  11:09  SCV x2  
  115  11:10  Supply Depot  
  122  11:14  Supply Depot, Refinery, SCV  
  122  11:15  Refinery  
  123  11:21  SCV  
  123  11:23  Marauder  
  123  11:24  Marine  
  123  11:25  Marine  
  128  11:26  Marauder  
  128  11:27  Terran Infantry Armor Level 1, Terran Infantry Weapons Level 1  
  128  11:30  Supply Depot x2  
  128  11:31  Supply Depot  
  130  11:33  Liberator x3  
  130  11:34  Liberator  
  130  11:42  Missile Turret  
  130  11:43  Sensor Tower  
  130  11:46  Sensor Tower, SCV x3  
  133  11:47  Marine x5  
  133  11:53  Marine x3  
  153  11:57  Armory  
  153  12:05  Marine  
  154  12:14  SCV x2  
  156  12:16  SCV  
  157  12:26  SCV  
  157  12:29  SCV  
  160  12:30  SCV  
  172  12:40  Medivac x3  
  172  12:41  Medivac  
  168  12:53  Widow Mine x2  
  172  13:17  Liberator x2  
  172  13:21  Widow Mine  
  177  13:35  Marine  
  177  13:41  Marine x2  
  181  13:42  Marine x3  
  176  13:55  Marauder x2, Marine  
  145  13:59  Marine  
Tags
 
Add a new tag
Caveats
  • Supply blocks, unpowered buildings, or Contaminate may cause inaccurate times.
  • Supply counts are checked every 10 seconds.